 Dungeon Crawl Stone Soup version 0.31-a0-237-g2d982f9f85 (webtiles) character file.

Game seed: 15850136834718498737

49 qw the Shooter (level 3, -1/21 HPs)
             Began as a Gargoyle Hexslinger on July 11, 2023.
             Slain by a fire bat (5 damage)
             ... on level 1 of the Abyss.
             The game lasted 00:00:41 (1459 turns).

qw the Shooter (Gargoyle Hexslinger)                Turns: 1459, Time: 00:00:41

Health: -1/21      AC: 10    Str: 11    XL:     3   Next: 77%
Magic:  4/4        EV: 10    Int: 13    God:
Gold:   41         SH:  0    Dex: 14    Spells: 3/4 levels left

rFire   . . .        Y - +1 sling
rCold   . . .        (no shield)
rNeg    + . .        d - +0 ring mail
rPois   inf          (no helmet)
rElec   +            a - +0 cloak
rCorr   .            h - +0 pair of gloves
SInv    .            (no boots)
Will    .....        (no amulet)
Stlth   +            (no ring)
HPRegen 0.23/turn    (no ring)
MPRegen 0.09/turn

%: no passive effects
@: no status effects
A: sickness immunity, AC +3, negative energy resistance 1, electricity
resistance, torment resistance 1, petrification resistance
a: no special abilities


You were on level 1 of the Abyss.
You visited 1 branch of the dungeon, and saw 3 of its levels.
You visited the Abyss 1 time.

You collected 107 gold pieces.
You spent 66 gold pieces at shops.


Innate Abilities, Weirdness & Mutations

You are immune to sickness and miasma.
Your stone body is resilient. (AC +3)
You are immune to poison.
You resist negative energy. (rN+)
You are resistant to electric shocks. (rElec)
You are resistant to unholy torment.
You are immune to petrification.


   Skills:
 - Level 2.0 Fighting
 + Level 3.3 Ranged Weapons
 - Level 1.0 Armour
 - Level 1.5 Dodging
 - Level 1.0 Spellcasting
 - Level 2.6 Hexes


You had 3 spell levels left.
You knew the following spells:

 Your Spells              Type           Power      Damage    Failure   Level
a - Slow                  Hex            28%        N/A       22%         1

Your spell library contained the following spells:

 Spells                   Type           Power      Damage    Failure   Level
 Inner Flame              Hex/Fire       4%         N/A       75%         3
 Portal Projectile        Hex/Tloc       8%         N/A       75%         3
 Cause Fear               Hex            3%         N/A       91%         4

Inventory:

Hand Weapons
 Y - a +1 sling (weapon)
Armour
 a - a +0 cloak (worn)
 d - a +0 ring mail (worn)
 h - a +0 pair of gloves (worn)
Scrolls
 c - a scroll of identify
Potions
 b - 3 potions of curing
 f - a potion of resistance {unknown}
 j - a potion of might {unknown}

Dungeon Overview and Level Annotations

Branches:
Dungeon (3/15)

Altars:

Shops:
D:2 !


Message History

The orc priest looks encouraged for a moment.
The orc priest hits you but does no damage.
You are cast into the Abyss!
You stop ascending the stairs.
This branch contains the abyssal rune of Zot.
Found a corrupted altar of Lugonu.
Waypoint 3 assigned to Abyss:1.
You start resting.
HP restored. 2 fire bats come into view.
You shoot a sling bullet.
The sling bullet closely misses the fire bat.
You shoot a sling bullet. The sling bullet misses the fire bat.
The fire bat bites you but does no damage.
The fire bat barely misses you.
The fire bat bites you but does no damage. x2
You shoot a sling bullet.
The sling bullet closely misses the fire bat.
The fire bat barely misses you.
The fire bat bites you but does no damage.
The fire bat completely misses you. The fire bat barely misses you.
You shoot a sling bullet.
The sling bullet completely misses the fire bat.
The fire bat barely misses you.
The fire bat bites you but does no damage.
The fire bat barely misses you.
You shoot a sling bullet.
The sling bullet barely misses the fire bat.
The fire bat bites you.
You are engulfed in flames!
The fire bat bites you but does no damage.
The fire bat barely misses you.
You shoot a sling bullet. The sling bullet hits the fire bat.
The fire bat is lightly wounded.
The fire bat bites you but does no damage. x2
The fire bat closely misses you.
The fire bat bites you but does no damage.
You shoot a sling bullet.
The sling bullet barely misses the fire bat. x2
The fire bat bites you.
You are engulfed in flames.
You die...

## ##. #.# ..#...
.# # .....## .#
#..#.#.##. #.
##.....ยค.#### .#.
#....b..#...#
........ ###b@..#
...
..#..#..##...... .
......##..#...#...#
. . ...._#.#....#
... .
.......###.### #
... .....#.##.#
...#.##.##...# .
...#......####
...............


You could see 2 fire bats.

Vanquished Creatures
  A worm (D:2)
  A dart slug (D:2)
  An endoplasm (D:2)
  A giant cockroach (D:2)
  4 goblins
  3 hobgoblins (D:1)
  7 jackals (D:2)
  6 kobolds
  2 ball pythons (D:2)
  7 bats
  3 frilled lizards (D:1)
  7 rats
43 creatures vanquished.

Notes
Turn   | Place    | Note
-------+----------+-------------------------------------------
     0 | D:1      | qw the Gargoyle Hexslinger began the quest for the Orb.
     0 | D:1      | Reached XP level 1. HP: 12/12 MP: 2/2
     0 | D:1      | 0 ||| qw: Version: 0.3-a-52-g30416fa
     0 | D:1      | 0 ||| qw: Game counter: 5738
     0 | D:1      | 0 ||| qw: Melee chars always use a shield: true
     0 | D:1      | 0 ||| qw: God list: Okawaru
     0 | D:1      | 0 ||| qw: Allow faded altars: false
     0 | D:1      | 0 ||| qw: Do Orc after clearing Dungeon:15 true
     0 | D:1      | 0 ||| qw: Do second Lair branch before Depths: true
     0 | D:1      | 0 ||| qw: Lair rune preference: random
     0 | D:1      | 0 ||| qw: Goals: Normal
     0 | D:1      | 0 ||| PLANNING D:1-11
    90 | D:1      | HP: 1/12 [goblin/+0 dagger (3)]
    99 | D:1      | HP: 2/12 [bat (1)]
   299 | D:1      | Reached XP level 2. HP: 16/16 MP: 3/3
   368 | D:1      | Reached skill level 3 in Ranged Weapons
   586 | D:1      | You fall into a shaft and drop 1 floor!
   616 | D:2      | 616 ||| UPGRADING to +0 ring mail.
   626 | D:2      | 626 ||| DROPPING +0 robe.
   627 | D:2      | 627 ||| UPGRADING to +0 pair of gloves.
   632 | D:2      | 632 ||| READING scroll labelled QEOCOE UMMEAGA.
   633 | D:2      | 633 ||| READING scroll labelled AFEFOA KEWILOX.
   634 | D:2      | 634 ||| READING scroll labelled WIARAA XOGURGH.
   635 | D:2      | 635 ||| READING scroll labelled BOL PIJUXUR COU.
   636 | D:2      | 636 ||| READING scroll labelled XAABEZX QYTI.
   637 | D:2      | 637 ||| DROPPING scroll of poison.
   814 | D:2      | Reached XP level 3. HP: 11/21 MP: 4/4
  1097 | D:2      | Found Ethrokh's Distillery.
  1102 | D:2      | 1102 ||| BUYING 2 potions of curing (66 gold).
  1102 | D:2      | Bought 2 potions of curing for 66 gold pieces
  1102 | D:2      | 1102 ||| SHOPLISTING potion of enlightenment (55 gold, have
                  | 41).
  1102 | D:2      | 1102 ||| SHOPLISTING potion of mutation (88 gold, have 41).
  1102 | D:2      | 1102 ||| SHOPLISTING potion of resistance (110 gold, have
                  | 41).
  1109 | D:2      | Reached skill level 1 in Armour
  1148 | D:2      | Identified the +4 dagger of the Ghost {holy, Str+3}
  1315 | D:2      | 1315 ||| UPGRADING to +0 cloak.
  1320 | D:2      | 1320 ||| READING scroll labelled ILITHY IJEWAAB.
  1352 | D:3      | 1352 ||| STAIRDANCE
  1408 | D:3      | 1408 ||| STAIRDANCE
  1408 | Abyss:1  | Found a corrupted altar of Lugonu.
  1408 | Abyss:1  | Cast into level 1 of the Abyss (orc priest)
  1453 | Abyss:1  | Noticed a fire bat
  1453 | Abyss:1  | Noticed a fire bat
  1459 | Abyss:1  | HP: 4/21 [fire bat (5)]
  1459 | Abyss:1  | Slain by a fire bat

Levels and vault maps discovered:
D:1:      psy_arrival_basics, layout_basic, grunt_decor_mini_mirrors,
          serial_bayou_pond_d, columned_hall_lemuel, minmay_statues_item
D:2:      layout_loops_cross, serial_shops, nicolae_shop_stone,
          minmay_misc_feat_roman, kennysheep_generic_room_11
D:3:      layout_rooms, grunt_temple_overflow_opulence, zin_angel
Abyss:1:  base: D:2, spicy_abyss_helpful_harpoons

Skill      XL: |  1  2  3 |
---------------+----------+-----
Ranged Weapons | 3 |  3.3
Fighting       | 2 |  2.0
Armour         | 1 |  1.0
Dodging        | |  1.5
Spellcasting   | |  1.0
Hexes          | |  2.6

Action                     || total
---------------------------++-------
   Fire: Sling             ||   150
    Use: Scroll            ||     6
 Armour: Robe              ||    27
         Ring mail         ||    22
  Dodge: Dodged            ||    73

Table legend:
 A = Non-vault XP
 B = Vault XP
 C = Vault XP percentage of total XP
 D = Non-vault monster count
 E = Vault monster count
 F = Vault count percentage of total count
                 A         B        C        D         E       F
            +---------+---------+-------+---------+---------+-------
      Total |      69 |       2 |   2.8 |      42 |       1 |   2.3
            +---------+---------+-------+---------+---------+-------
        D:1 |      28 |       0 |   0.0 |      21 |       0 |   0.0
        D:2 |      39 |       2 |   4.9 |      20 |       1 |   4.8
        D:3 |       2 |       0 |   0.0 |       1 |       0 |   0.0
            +---------+---------+-------+---------+---------+-------
